 Dungeon Crawl Stone Soup version 0.30.0-16-gbe6223bb7e (webtiles) character file.

Game seed: 4007903135923918129

60 AlmostDecent the Magician (level 4, -4/31 HPs)
             Began as a Djinni Conjurer on May 20, 2023.
             Was an Initiate of Ashenzari.
             Slain by Terence
             ... wielding a +0 mace
              (6 damage)
             ... on level 2 of the Dungeon.
             The game lasted 00:04:39 (1199 turns).

AlmostDecent the Magician (Djinni Conjurer)         Turns: 1199, Time: 00:04:39

Health: -4/31      AC:  2    Str:  6    XL:     4   Next: 25%
Gold:   73         EV: 12    Int: 21    God:    Ashenzari [......] SH:  0 Dex: 12

rFire   + + .        (no weapon)
rCold   x . .        (no shield)
rNeg    . . .        a - +0 robe
rPois   ∞            (no helmet)
rElec   .            (no cloak)
rCorr   .            (no gloves)
SInv    .            (boots unavailable)
Will    .....        (no amulet)
Stlth   ++           (no ring)
HPRegen 0.25/turn    (no ring)
MPRegen 0.00/turn

%: infuse magic (-5 HP)
@: flying
A: sickness immunity, fire resistance 2, cold vulnerability 1, float, innate
caster, HP casting, extra vitality 1
a: Renounce Religion


You were on level 2 of the Dungeon.
You worshipped Ashenzari.
Ashenzari was noncommittal.
You visited 1 branch of the dungeon, and saw 2 of its levels.

You collected 73 gold pieces.

Inventory:

Armour
 a - a +0 robe (worn)
Jewellery
 d - a ring of ice
 g - a ring of fire
Scrolls
 b - 4 scrolls of teleportation {unknown}
 e - a scroll of enchant weapon {unknown}
 h - a scroll of enchant armour {unknown}
 i - a scroll of fog {unknown}
 j - a scroll of amnesia {unknown}
 l - a scroll of butterflies {unknown}
 o - a scroll of identify {unknown}
 p - a scroll of noise {unknown}
 r - a scroll of acquirement {unknown}
Potions
 c - a potion of flight {unknown}
 f - 5 potions of might {unknown}
 k - a potion of haste {unknown}
 m - a potion of mutation {unknown}
 n - a potion of resistance {unknown}
 q - a potion of berserk rage {unknown}


   Skills:
 + Level 2.5 Dodging
 + Level 1.6 Stealth
 * Level 4.2 Spellcasting


You knew the following spells:

 Your Spells              Type           Power      Damage    Failure   Level
a - Magic Dart            Conj           88%        1d7       1%          1
b - Searing Ray           Conj           44%        2d6       3%          2
c - Dazzling Flash        Conj/Hex       44%        N/A       6%          3
d - Fulminant Prism       Conj/Hex       11%        3d8       21%         4
e - Iskenderun's Mystic   Conj/Tloc      22%        2d6       21%         4
f - Slow                  Hex            88%        N/A       1%          1
Your spell library was empty.

Dungeon Overview and Level Annotations

Branches:
Dungeon (2/15)

Altars:
Ashenzari

Annotations:
D:2 Terence


Innate Abilities, Weirdness & Mutations

You are immune to sickness and miasma.
You are immune to poison.
Your flesh is very heat resistant. (rF++)
You are vulnerable to cold. (rC-)
You float through the air rather than walking.
You learn spells naturally, not from books.
Your magical power is your life essence.
You have superior vitality. (+4 MHP)


Message History

Terence barely misses you.
The magic dart hits Terence.
Terence is severely wounded.
A giant cockroach comes into view.
Terence shouts, "ATTACK!!!"
Terence misses you.
The magic dart hits Terence but does no damage.
Terence is severely wounded.
Terence barely misses you.
The magic dart hits Terence but does no damage.
Terence is severely wounded.
Terence hits you with a +0 mace.
The magic dart hits Terence.
Terence is almost dead.
Terence hits you with a +0 mace!
You are too injured to fight recklessly!
You are too injured to fight recklessly!
You are too injured to fight recklessly!
Aiming: Magic Dart (safe; 1% risk of failure)
Press: ? - help, Q - select action, (/) - cycle Shift-Dir - straight line, f/p - Terence
Aim: Terence, wielding a +0 mace and wearing a +0 ring mail (almost dead, 100% to hit)
The magic dart hits Terence but does no damage.
Terence is almost dead.
Terence hits you with a +0 mace.
* * * LOW HITPOINT WARNING * * *
Aiming: Magic Dart (safe; 1% risk of failure)
Press: ? - help, Q - select action, (/) - cycle Shift-Dir - straight line, f/p - Terence
Aim: Terence, wielding a +0 mace and wearing a +0 ring mail (almost dead, 100% to hit)
The magic dart hits Terence but does no damage.
Terence is almost dead.
* * * LOW HITPOINT WARNING * * *
Terence barely misses you. The giant cockroach closely misses you.
Aiming: Magic Dart (safe; 1% risk of failure)
Press: ? - help, Q - select action, (/) - cycle Shift-Dir - straight line, f/p - Terence
Aim: Terence, wielding a +0 mace and wearing a +0 ring mail (almost dead, 100% to hit)
The magic dart hits Terence but does no damage.
Terence is almost dead.
* * * LOW HITPOINT WARNING * * *
The giant cockroach barely misses you. Terence hits you with a +0 mace.
You die...

#. # #. .# #. .#
### .##.. ##
.....#. .## #
#.#.. ..## #.
#.B@# ...###
..#####@#.##.#
.....#
...##.#.##.#
...#.#
#.###.##.#.##.#
..##.#
#.......:#.##.#
.###.#
#####.####.##.###
.# #.# #.#
#.##...## .###.#
#)####.##....##
..##.#
#.........>.#.##.#
..##.#
###....###.......#


You could see Terence and a giant cockroach.

Vanquished Creatures
  2 adders (D:2)
  A worm (D:2)
  A dart slug (D:2)
  4 ball pythons
  5 endoplasms
  2 giant cockroaches (D:2)
  2 goblins
  3 hobgoblins
  A jackal (D:2)
  3 kobolds (D:1)
  3 quokkas (D:1)
  3 bats
  A frilled lizard (D:2)
  3 rats (D:1)
34 creatures vanquished.

Notes
Turn   | Place    | Note
-------+----------+-------------------------------------------
     0 | D:1      | AlmostDecent the Djinni Conjurer began the quest for the
                  | Orb.
     0 | D:1      | AlmostDecent set off with the following spells memorised:
                  | Magic Dart, Searing Ray, Dazzling Flash, Fulminant Prism,
                  | Iskenderun's Mystic Blast.
     0 | D:1      | Reached XP level 1. HP: 15/15 MP: 0/0
   195 | D:1      | Reached XP level 2. HP: 18/21 MP: 0/0
   446 | D:1      | Reached XP level 3. HP: 24/25 MP: 0/0
   446 | D:1      | Learned a level 1 spell: Slow
   694 | D:2      | Reached skill level 4 in Spellcasting
  1020 | D:2      | Found a broken altar of Ashenzari.
  1037 | D:2      | Became a worshipper of Ashenzari the Shackled
  1059 | D:2      | Reached XP level 4. HP: 24/31 MP: 0/0
  1183 | D:2      | Noticed Terence
  1199 | D:2      | Slain by Terence

Illustrated notes

Levels and vault maps discovered:
D:1:      dpeg_arrival_three_bigger_balls, layout_basic, hex_tiny
D:2:      minmay_spotlight, layout_loops_ring, basic_altar, uniq_terence

Skill      XL: |  1  2  3 |
---------------+----------+-----
Spellcasting   | 4 |  4.2
Dodging        | |  2.5
Stealth        | |  1.6

Action                     |  1- 3 |  4- 6 || total
---------------------------+-------+-------++-------
   Cast: Magic Dart        |    75 |    22 ||    97
 Armour: Robe              |     6 |       ||     6
  Dodge: Dodged            |    10 |     9 ||    19
